Description

[Root] Cham vs [Zelos] Sheppard - Abyssal_Reef_LE_31

Replay - [Root] Cham vs [Zelos] Sheppard - Abyssal_Reef_LE_31

Build Order

Get SALT Encoding   

  12  0:01  SCV  
  13  0:13  SCV  
  14  0:17  Supply Depot  
  14  0:25  SCV  
  15  0:39  SCV  
  15  0:40  Barracks  
  16  0:45  Refinery  
  16  0:51  SCV  
  17  1:03  SCV  
  18  1:15  SCV  
  19  1:27  Reaper  
  19  1:28  Orbital Command  
  20  1:47  Command Center  
  20  1:54  SCV  
  21  2:02  Barracks  
  21  2:04  Barracks Reactor  
  21  2:06  SCV  
  22  2:14  Supply Depot  
  22  2:18  Refinery  
  22  2:20  SCV  
  24  2:43  Marine x2  
  26  2:50  Barracks Tech Lab, Factory  
  27  2:59  Orbital Command  
  27  3:01  Marine x2  
  30  3:09  Marine  
  30  3:10  Stimpack  
  32  3:20  Marine x2  
  32  3:22  Supply Depot  
  34  3:33  Marine  
  38  3:43  Marine x2  
  38  3:45  Factory Reactor  
  38  3:46  Starport  
  47  4:11  Supply Depot  
  48  4:17  Armory  
  48  4:22  Hellion  
  53  4:29  Supply Depot  
  54  4:33  Hellion  
  54  4:34  Medivac  
  62  4:51  Hellion x2  
  73  5:07  Medivac  
  73  5:12  Hellion  
  77  5:15  Combat Shields  
  77  5:20  Hellion  
  84  5:41  Refinery, Command Center  
  88  5:50  Refinery  
  88  5:53  Engineering Bay x2  
  89  6:02  Barracks  
  84  6:37  Barracks x2  
Spawning Tool Build Advisor. Get it on Overwolf

Analysis

78 Supply block can be prevented

Go to:

Details

  • Created by: propagare
  • Published on: Feb 28, 2017
  • Modified on: Feb 28, 2017
  • Patch: 3.8.0
Show
View Real Time Build Order
Export as new Build Order

Comments (0)

There are no comments. Be the first!

Create an account to comment!